Cogmind - Beta 10.1 @@@ ROGUE MODE // 2021.06.11 @ 06:22:51 // Winter2019/RPGLIKE Player: Farfid Result: Self-destructed Performance ------------- Evolutions (1) 500 Regions Visited (5) 1000 Robots Destroyed (25) 125 Value Destroyed (364) 364 Prototype IDs (27) 540 Alien Tech Used (0) 0 Bonus (288) 288 TOTAL SCORE: 2817 Bonus ------- Follower Combat Kills 42 Aligned with FarCom 300 Friendly Fire -54 Cogmind --------- Core Integrity 553/700 Matter 300/300 Energy 170/170 System Corruption 0% Temperature Cool (0) Movement Rolling (110) Ox2 Location -9/Exiles Parts ------- > --- POWER (1) -------- Makeshift Power Source > --- PROPULSION (2) --- Wheel Compact Wheel > --- UTILITY (2) ------ Experimental Sensor Array Hardened Light Armor Plating > --- WEAPON (3) ------- AWS/Autocannon > --- INVENTORY (2) ---- (None) Peak State ------------ > --- POWER ------------ Makeshift Power Source > --- PROPULSION ------- Wheel Compact Wheel > --- UTILITY ---------- Experimental Sensor Array Hardened Light Armor Plating > --- WEAPON ----------- AWS/Autocannon > --- INVENTORY -------- Light Ion Engine [Rating: 44] Favorites ----------- Power Light Ion Engine Engine Light Ion Engine Propulsion Compact Wheel Wheel Compact Wheel Utility Hardened Light Armor Plating Device Experimental Sensor Array Processor Targeting Computer Protection Hardened Light Armor Plating Weapon Makeshift Shrapnel Gun Ballistic Gun Makeshift Shrapnel Gun Ballistic Cannon AWS/Autocannon Build | -11 -10 -10 -9 -9 -9 ------- Run | Scr Mat Min Mat Min Exi Slots Evolved 4 | 3 . . . . 1 Power . | . . . . . . Propulsion 1 | 1 . . . . . Utility 1 | 1 . . . . . Weapon 2 | 1 . . . . 1 Parts Attached 14 | 5 . 1 1 3 4 Power 2 | 1 . . . . 1 Engine 2 | 1 . . . . 1 Core . | . . . . . . Reactor . | . . . . . . Propulsion 2 | 2 . . . . . Treads . | . . . . . . Leg . | . . . . . . Wheel 2 | 2 . . . . . Hover . | . . . . . . Flight . | . . . . . . Utility 3 | . . . . 3 . Device 1 | . . . . 1 . Storage . | . . . . . . Processor 1 | . . . . 1 . Hackware . | . . . . . . Protection 1 | . . . . 1 . Artifact . | . . . . . . Weapon 7 | 2 . 1 1 . 3 Energy Gun . | . . . . . . Energy Cannon . | . . . . . . Ballistic Gun 5 | 2 . 1 1 . 1 Ballistic Cannon 2 | . . . . . 2 Launcher . | . . . . . . Special Weapon . | . . . . . . Impact Weapon . | . . . . . . Slashing Weapon . | . . . . . . Piercing Weapon . | . . . . . . Special Melee Weapon . | . . . . . . Unidentified Prototypes 2 | . . . 1 1 . Parts Lost . | . . . . . . Power . | . . . . . . Propulsion . | . . . . . . Utility . | . . . . . . Weapon . | . . . . . . Highest Loss Streak . | . . . . . . Average Slot Usage (%) 81 | . 71 71 69 96 83 Engine 13 | . 14 14 14 14 12 Wheel 27 | . 28 28 28 28 25 Device 7 | . . . . 8 12 Protection 8 | . . . . 12 12 Ballistic Gun 19 | . 28 28 26 28 9 Ballistic Cannon 3 | . . . . . 7 Naked Turns . | . . . . . . Heaviest Build 70 | 6 6 7 8 14 70 Greatest Support 31 | 31 31 31 31 31 31 Greatest Overweight (x) 2 | . . . . . 2 Average Overweight (x) . | . . . . . 1 Largest Inventory Capacity 2 | 1 1 1 2 2 2 Average Capacity 1 | 1 1 1 1 2 2 Most Carried 2 | . 1 1 1 2 2 Average Carried . | . . 1 1 1 . Final Capacity 2 | 1 1 1 2 2 2 Final Carried 2 | . 1 1 1 2 . Class Distribution -------------------- 96% | Mutant 3% | Tank Dominant Class ---------------- Mutant | -10/Materials Mutant | -10/Mines Mutant | -9/Materials Mutant | -9/Mines Mutant | -9/Exiles Resources | -11 -10 -10 -9 -9 -9 ----------- Run | Scr Mat Min Mat Min Exi Matter Collected 579 | 194 112 52 44 129 48 Remotely . | . . . . . . Salvage Created 526 | . 130 85 72 214 25 Parts 41 | . 13 4 4 16 4 Haulers Intercepted . | . . . . . . Recyclers Shooed . | . . . . . . Parts Field Recycled . | . . . . . . Retrieved Matter . | . . . . . . Parts Self-Destructed . | . . . . . . Prevented . | . . . . . . Kills | -11 -10 -10 -9 -9 -9 ------- Run | Scr Mat Min Mat Min Exi Combat Hostiles Destroyed 18 | . 4 3 1 8 2 Guns 16 | . 4 3 1 8 . Cannons 2 | . . . . . 2 Classes Destroyed 7 | . 1 2 1 1 2 Tunneler 1 | . . . . 1 . Recycler 2 | . . 1 . 1 . Swarmer 11 | . . 3 . 8 . Grunt 4 | . 4 . . . . Sentry 1 | . . . 1 . . Zionite 4 | . . . . . 4 Assembled 1 | . . . . . 1 Best Kill Streak 4 | . 2 2 1 4 2 Combat Bots Only 4 | . 2 2 1 4 1 Max Kills in Single Turn 2 | . 1 1 1 2 1 Gunslinging 1 | . . . . 1 . Exploded . | . . . . . . Melee . | . . . . . . Uniques/NPCs Destroyed 4 | . . . . . 4 EX-DEC (-9/Exiles) EX-BIN (-9/Exiles) EX-HEX (-9/Exiles) 8R-AWN (-9/Exiles) Combat | -11 -10 -10 -9 -9 -9 -------- Run | Scr Mat Min Mat Min Exi Damage Taken 674 | . 243 74 . 96 261 Core 473 | . 194 64 . 68 147 Absorbed by Shields . | . . . . . . Redirected to Core 395 | . 162 32 . 54 147 Core Remaining (%) 100 | 100 . 100 . . . Volleys Fired 46 | . 14 17 1 13 1 Largest 2 | . 2 2 2 2 1 Hottest 47 | . 40 40 47 47 23 Shots Fired 108 | . 28 34 2 26 18 Gun 91 | . 28 34 2 26 1 Cannon 17 | . . . . . 17 Launcher . | . . . . . . Special . | . . . . . . Kinetic 108 | . 28 34 2 26 18 Thermal . | . . . . . . Explosive . | . . . . . . Electromagnetic . | . . . . . . Robot Hit Streak 13 | . 9 8 4 3 13 Robot Miss Streak 4 | . 1 2 1 4 1 Penetration Max . | . . . . . . Secondary Targets 3 | . 1 . . 2 . Max Gunslinging Chain 1 | . 1 . . 1 . Autonomous 17 | . . . . . 17 Shots Hit Robots 83 | . 22 26 2 17 16 Core Hits 40 | . 9 9 2 12 8 Critical Hits 2 | . . . . . 2 Critical Kills . | . . . . . . Critical Parts Destroyed 2 | . . . . . 2 Melee Attacks . | . . . . . . Impact . | . . . . . . Slashing . | . . . . . . Piercing . | . . . . . . Sneak Attacks . | . . . . . . Combat Hostiles . | . . . . . . Follow-up Attacks . | . . . . . . Damage Inflicted 2108 | . 235 230 44 295 1304 Guns 822 | . 235 230 44 295 18 Cannons 1286 | . . . . . 1286 Explosions . | . . . . . . Melee . | . . . . . . Ramming . | . . . . . . Kinetic 2108 | . 235 230 44 295 1304 Thermal . | . . . . . . Explosive . | . . . . . . Electromagnetic . | . . . . . . Impact . | . . . . . . Slashing . | . . . . . . Piercing . | . . . . . . Highest Corruption . | . . . . . . Average Corruption . | . . . . . . Corruption Purged . | . . . . . . Overload Shots . | . . . . . . Overflow Damage . | . . . . . . Projectiles . | . . . . . . Explosions . | . . . . . . Melee . | . . . . . . Knockbacks 2 | . . . . . 2 Impact . | . . . . . . Kinetic 2 | . . . . . 2 Secondary . | . . . . . . Self-Inflicted Damage . | . . . . . . Shots . | . . . . . . Rammed . | . . . . . . Targets Rammed . | . . . . . . Kicked . | . . . . . . Crushed . | . . . . . . Highest Temperature 31 | . 31 . . . . Average Temperature 14 | . 14 . . . . Received Heat Transfer 132 | . 132 . . . . Siege Activations . | . . . . . . Robots Corrupted . | . . . . . . Combat Hostiles . | . . . . . . Parts Fried . | . . . . . . Impact Corruptions . | . . . . . . Robots Melted . | . . . . . . Combat Hostiles . | . . . . . . Parts Melted . | . . . . . . Heat Transferred . | . . . . . . Parts Sabotaged . | . . . . . . Parts Stolen . | . . . . . . Parts Stripped . | . . . . . . Power Chain Reactions . | . . . . . . Missiles Intercepted . | . . . . . . Alert | -11 -10 -10 -9 -9 -9 ------- Run | Scr Mat Min Mat Min Exi Peak Influence 218 | . 116 218 59 212 . Initial 45 | . . 45 6 22 . Average 115 | . 48 117 34 159 . Maximum Alert Level 1 | . . 1 . 1 . Low Security (%) 70 | 100 100 81 100 41 . Level 1 29 | . . 18 . 58 . Level 2 . | . . . . . . Level 3 . | . . . . . . Level 4 . | . . . . . . Level 5 . | . . . . . . High Security . | . . . . . . Max Security . | . . . . . . Squads Dispatched 1 | . 1 . . . . Investigation 1 | . 1 . . . . Extermination . | . . . . . . Reinforcement . | . . . . . . Assault . | . . . . . . Garrison . | . . . . . . Intercept . | . . . . . . Construction Impeded . | . . . . . . Haulers Reinforced . | . . . . . . Stealth | -11 -10 -10 -9 -9 -9 --------- Run | Scr Mat Min Mat Min Exi Distress Signals . | . . . . . . Communications Jammed . | . . . . . . Distress Signals . | . . . . . . Times Spotted 42 | . 6 10 1 8 17 Peak Tracking Total 10 | . 2 6 . 4 10 Tactical Retreats 4 | . . 1 . . 3 Traps | -11 -10 -10 -9 -9 -9 ------- Run | Scr Mat Min Mat Min Exi Traps Triggered . | . . . . . . Indirectly . | . . . . . . Trap Hack Attempts . | . . . . . . Triggered . | . . . . . . Disarmed . | . . . . . . Reprogrammed . | . . . . . . Reused . | . . . . . . Traps Extracted . | . . . . . . Installed . | . . . . . . Triggered . | . . . . . . Machines | -11 -10 -10 -9 -9 -9 ---------- Run | Scr Mat Min Mat Min Exi Machines Disabled 4 | . . . . . 4 Max in Single Turn . | . . . . . . Machines Sabotaged . | . . . . . . Garrisons Compromised . | . . . . . . Overloaded Fab Kills . | . . . . . . Fab Network Shutdowns . | . . . . . . Hacking | -11 -10 -10 -9 -9 -9 --------- Run | Scr Mat Min Mat Min Exi Machines Accessed 3 | . 1 . 1 . 1 Terminals 2 | . 1 . 1 . . Fabricators . | . . . . . . Repair Stations . | . . . . . . Recycling Units . | . . . . . . Scanalyzers . | . . . . . . Garrison Access . | . . . . . . Total Hacks 7 | . 2 . 4 . 1 Successful 5 | . 1 . 3 . 1 Failed 2 | . 1 . 1 . . Catastrophic 1 | . 1 . . . . Database Lockouts . | . . . . . . Manual 4 | . . . 3 . 1 Terminals 6 | . 2 . 4 . . Fabricators . | . . . . . . Repair Stations . | . . . . . . Recycling Units . | . . . . . . Scanalyzers . | . . . . . . Garrison Access . | . . . . . . Terminal Hacks 5 | . 1 . 3 . 1 Prototype ID Bank 1 | . . . 1 . . Branch Access Points 2 | . 1 . 1 . . Emergency Access Points 1 | . . . 1 . . EX-Prototype ID Bank 1 | . . . . . 1 Fabricator Hacks . | . . . . . . Repair Station Hacks . | . . . . . . Recycling Unit Hacks . | . . . . . . Scanalyzer . | . . . . . . Garrison Access Hacks . | . . . . . . Unauthorized Hacks . | . . . . . . Terminals . | . . . . . . Fabricators . | . . . . . . Repair Stations . | . . . . . . Recycling Units . | . . . . . . Scanalyzers . | . . . . . . Garrison Access . | . . . . . . Data Cores Recovered . | . . . . . . Used . | . . . . . . Hacking Detections 2 | . 1 . 1 . . Full Trace Events 1 | . 1 . . . . Feedback Events . | . . . . . . Feedback Blocked . | . . . . . . Robot Schematics Acquired . | . . . . . . Robots Built . | . . . . . . Matter . | . . . . . . Time . | . . . . . . Total Robot Build Rating . | . . . . . . Part Schematics Acquired . | . . . . . . Parts Built . | . . . . . . Matter . | . . . . . . Time . | . . . . . . Total Part Build Rating . | . . . . . . Parts Repaired . | . . . . . . Time . | . . . . . . Parts Recycled . | . . . . . . Recycled Matter . | . . . . . . Retrieved Matter . | . . . . . . Retrieved Components . | . . . . . . Parts Scanalyzed . | . . . . . . Part Schematics Acquired . | . . . . . . Parts Damaged . | . . . . . . Bothacking | -11 -10 -10 -9 -9 -9 ------------ Run | Scr Mat Min Mat Min Exi Used RIF Installer . | . . . . . . Robots Hacked . | . . . . . . Non-combat . | . . . . . . Combat . | . . . . . . Robot Hacks Applied . | . . . . . . Relay Couplers Released . | . . . . . . Robots Rewired . | . . . . . . Allies Hacked . | . . . . . . Hacks Repelled . | . . . . . . Allies | -11 -10 -10 -9 -9 -9 -------- Run | Scr Mat Min Mat Min Exi Total Allies 3 | . . 3 . . . Largest Group 3 | . . 3 . . . Highest-Rated Group 40 | . . 40 . . . Highest-Rated Ally 16 | . . 16 . . . Total Orders . | . . . . . . Ally Attacks 74 | . . 21 . . 53 Total Damage 2686 | . . 169 . . 2517 Kills 20 | . . 6 . . 14 Allies Corrupted . | . . . . . . Allies Melted . | . . . . . . Turrets Deployed 4 | . . . . . 4 Intel | -11 -10 -10 -9 -9 -9 ------- Run | Scr Mat Min Mat Min Exi Robot Analysis Total . | . . . . . . Derelict Logs Recovered . | . . . . . . Drone Launches . | . . . . . . Drone Recoveries . | . . . . . . Exploration | -11 -10 -10 -9 -9 -9 ------------- Run | Scr Mat Min Mat Min Exi Turns Passed 2075 | 34 152 450 70 426 943 Spaces Moved 1833 | 30 104 398 70 418 813 Core 1 | 1 . . . . . Treads . | . . . . . . Legs . | . . . . . . Wheels 1832 | 29 104 398 70 418 813 Hover . | . . . . . . Flight . | . . . . . . Fastest Speed 50 | 50 90 90 90 90 90 Average Speed 95 | 89 90 90 90 90 101 Slowest Speed 110 | 100 90 90 90 90 110 Overloaded Moves . | . . . . . . Propulsion Burnouts . | . . . . . . Robots Hopped 1 | . . . . . 1 Cave-ins Triggered . | . . . . . . Exploration Rate (%) 41 | 4 27 79 11 54 72 Regions Visited 5 Branch Regions 3 Pre-discovered Areas . | . . . . . . Known Exits Taken 2 | . 1 . 1 . . Unknown Exits Taken 3 | 1 . 1 . 1 . Scrap Searched 3 | . . 2 . 1 . Spaces Dug . | . . . . . . Terrain Destroyed . | . . . . . . Melee . | . . . . . . Projectile . | . . . . . . AOE . | . . . . . . Terrain Rammed . | . . . . . . Walls Destroyed . | . . . . . . Machines Disabled . | . . . . . . Actions | -11 -10 -10 -9 -9 -9 --------- Run | Scr Mat Min Mat Min Exi Total 2075 | 34 137 459 74 440 931 Wait 145 | . 16 28 2 5 94 Move 1826 | 29 103 397 69 417 811 Hop 1 | . . . . . 1 Pick Up 6 | . 1 . . 1 4 Fast Attach 12 | 5 . 1 1 3 2 Attach 1 | . . . . . 1 Detach . | . . . . . . Swap 1 | . . . . . 1 Drop 13 | . . 1 1 1 10 Fire 46 | . 14 17 1 13 1 Melee . | . . . . . . Ram . | . . . . . . Kick . | . . . . . . Crush . | . . . . . . Escape Stasis . | . . . . . . Rewire . | . . . . . . Trap . | . . . . . . Miscellaneous 24 | . 3 15 . . 6 Route ------- -11/Scrapyard -10/Materials (discovered 2 exits: *Min x2) -10/Mines -9/Materials (discovered 2 exits: *Min x2) -9/Mines (discovered 2 exits: [*Mat] / *Exi) -9/Exiles History --------- Turn | Location | Event 1 | -11/Scrapyard | Upgraded with Propulsion slot (x1) 1 | -11/Scrapyard | Upgraded with Utility slot (x1) 1 | -11/Scrapyard | Upgraded with Weapon slot (x1) 15 | -11/Scrapyard | Discovered new exit (range 15) 35 | -11/Scrapyard | Entered Materials 49 | -10/Materials | Identified exit to Mines 187 | -10/Materials | Entered Mines 304 | -10/Mines | Build established: Mutant 305 | -10/Mines | Assisted by bots powering up and referring to "LRC-V3" 336 | -10/Mines | Reached level 2 434 | -10/Mines | Discovered new exit (range 5) 544 | -10/Mines | A weapon hastily lodged in a ceiling crevice suddenly fell to the ground 637 | -10/Mines | Entered Materials 639 | -9/Materials | Reached level 3 649 | -9/Materials | Identified exit to Mines 707 | -9/Materials | Entered Mines 718 | -9/Mines | Reached level 4 877 | -9/Mines | Found a damaged Exp. Sensor Array with a note attached 879 | -9/Mines | Found Prototype Device 879 | -9/Mines | Identified Exp. Sensor Array 958 | -9/Mines | Deemed a non-threat by the Exiles lab entrance 958 | -9/Mines | Discovered new exit (range 5) 1036 | -9/Mines | Discovered new exit (range 15) 1042 | -9/Mines | Received a Rocket Launcher from a helpful Derelict 1133 | -9/Mines | Entered Exiles 1156 | -9/Exiles | Met 8R-AWN 1170 | -9/Exiles | Met EX-HEX 1198 | -9/Exiles | Met EX-BIN 1213 | -9/Exiles | Aligned with FarCom system 1214 | -9/Exiles | Given EX-Vault access code 1236 | -9/Exiles | Opened EX-Vault 1242 | -9/Exiles | Found Deploy-a-Sentry 1263 | -9/Exiles | Warned to stay clear of 0b10 Research branches 1288 | -9/Exiles | Met EX-DEC 1294 | -9/Exiles | DAS Turret deployed 1343 | -9/Exiles | Found Deploy-a-Sentry 1395 | -9/Exiles | DAS Turret deployed 1442 | -9/Exiles | Found Deploy-a-Sentry 1447 | -9/Exiles | Upgraded with Weapon slot (x1) 1448 | -9/Exiles | Found AWS/Autocannon 1517 | -9/Exiles | DAS Turret deployed 1671 | -9/Exiles | Attacked by the Exiles 1674 | -9/Exiles | Allies destroyed EX-DEC 1677 | -9/Exiles | Allies destroyed EX-BIN 1689 | -9/Exiles | DAS Turret deployed 1692 | -9/Exiles | Allies destroyed EX-HEX 1741 | -9/Exiles | Destroyed 8R-AWN 2076 | -9/Exiles | Self-destructed Last Messages --------------- 01741_ 8R-AWN destroyed. 01742_ Acquired 4 matter. 01749_ Acquired 2 matter. 01800_ Acquired 4 matter. 01869_ W1-DM0 suffers critical hit. 01869_ W1-DM0 destroyed. 01904_ Destroyed Mak. Leg. 01904_ Destroyed Imp. Terrain Scanner. 01904_ 5L-KAT knocked back. 01904_ GM-J5T suffers critical hit. 01904_ GM-J5T destroyed. 01906_ 5L-KAT destroyed. 01910_ Dropped Lgt. Ion Engine. 01934_ J5-HVA destroyed. 01964_ ZX-C33 destroyed. 01966_ Acquired 19 matter. 01966_ AM-PHS destroyed. 01994_ Acquired 4 matter. 02004_ DK-RAY destroyed. 02024_ Acquired 8 matter. Map ----- +----------------------------------------------------+ | ??????????????????????#???????????#" "" | | ?????????????????????? ""?????????#" "" | | ?????????????????????? ""?????????## "" | | ?????????????????????" ??????????# "" | | ?????????????????????" ??????????#" "X" "" | | ?????????????????????" ??????????#" """ | | ???? ?????????????? "??????????#" """""""" | | ???? #?????????????" "?????????##" ######### | | ???? #???????????# #????????##"" #???????? | | ????" #####????### ###?######"" #???????? | | ????" """#####X# #"###""""""" ##??????? | | ????" """""" " ""! ##???### | | ?????# "" """ " !! #####"" | | ??????? " " !!! " | | ????????# = | | ??????????# | | ???????????# | | ????????????# | | ????????????##" | | ?????????????#""" [ """""" | | ????????????##" t ######""" | | ????????????#"" t ""##????#####""" | | ???????????##"" % """##?????????##""" | | ???????????#""" ""##???????????#"""" | | ???????????#""% " ##??????????##"" | | ???????????#% @ ;;######??####"""" | | ???????????#" " ## ####""" | | ???????????#"" % """" | | ???????????##"" | | ????????????#"""" | | ????????????## = | | ?????????????#" = "" | | ?????????????#"""" " ## ##""" " " | | ?????????????#"" ""#### ######""" " | | ?????????????#" " ""##??# #????###""" | | ?????????????#""" """#???# #??????#### | | ?????????????## * ""##???! ?????????? | | ??????????????#"" !" "##????" ?????????? | | ??????????????##""" ! ##????#" ????????? | | ???????????????##"""" % ! ##?????#!!""!????????? | | ????????????????### =% = #??????#######???????? | | ??????????????????##### = ##????????????????????? | | ??????????????????????## #?????????????????????? | | ???????????????????????# #?????????????????????? | | ???????????????????????# #?????????????????????? | | ???????????????????????# #?????????????????????? | | ??????????????###??????# #?????????????????????? | | ????????????#"""""?????# #?????????????????????? | | ?????????????"""""""???# #?????????????????????? | | ????????????#" """"#??# #?????????????????????? | +----------------------------------------------------+ Best States ------------- Heat Dissipation 25 Energy Generation 15 Energy Capacity 170 Matter Stores 300 Matter Capacity 300 Sight Range 16 Robot Scan Range 30 Terrain Scan Density 10 Armor Coverage 150 Resistance: KI 10 Resistance: TH 5 Evasion (%) 42 Targeting Accuracy 5 Offensive Hacking 5 Item Schematics ----------------- None Robot Schematics ------------------ None Fabricated ------------ Nothing Alien Tech Used ----------------- None Achievements -------------- None Challenges ------------ None RPGLIKE | -11 -10 -10 -9 -9 -9 --------- Run | Scr Mat Min Mat Min Exi Levels Raised 3 | . . 1 1 1 . XP Earned 8678 | 3000 580 1658 1690 1400 350 XP Spent 4460 | 2975 . . 650 . 835 Upgrades 14 | 10 . . 2 . 2 Propulsion Slot 1 | 1 . . . . . Utility Slot 1 | 1 . . . . . Weapon Slot 2 | 1 . . . . 1 Core Integrity 2 | 1 . . . . 1 Mass Support 1 | 1 . . . . . Inventory Capacity 2 | 1 . . 1 . . Ranged Accuracy 1 | 1 . . . . . Hack Attack % 1 | 1 . . . . . KI Resistance % 2 | 2 . . . . . TH Resistance % 1 | . . . 1 . . Protomatter Created 126 | . 88 25 . 13 . Integrity Restored 453 | . 53 264 . . 136 Core 326 | . 44 214 . . 68 Parts 127 | . 9 50 . . 68 Protomatter Decayed 140 | . 23 104 . 13 . Game ------ Seed LaserInsulatedTreads Manual? 0 Play Time 00:19:04 Cumulative 362.8 hours Start 2021.06.11 @ 06:09:20 End 2021.06.11 @ 06:22:51 Sessions 1 Manual Loads 0 Difficulty Rogue Special Mode Winter2019/RPGLIKE Game No. 144 Rogue 144 Adventurer 0 Explorer 0 Win Type - Total 23 Types 20/0/2/1/0/0/0/0/0 Lore% 81 Gallery% 87 Achievement% 72 Wizard Run 0 Options --------- ASCII 0 Keyboard 0 Movement Mouse Keybinds 0 Fullscreen 2 Font 12/Smallcaps Map View 83x54 Tactical HUD 1 Map Filters NONE Filters NONE Steam X RUN: fd9326dd-7641-4afd-a5e6-358e4790eef4